Map: Romanticide LE

Players

EnigmA

  • Race: Protoss Protoss
  • League: Grandmaster
  • Spawn Location: 5:00

uwuThermal (uThermal) - Winner!

  • Race: Terran Terran
  • League: Grandmaster
  • Spawn Location: 11:00

VOD

https://www.youtube.com/watch?v=TFYa5vcZfDU

Description

Playing MACRO TvP Like a KOREAN TERRAN - Terran School #37150+ supply @ 7:50 with +1/1 Stim/CBS/CS looks sweet

Time

  • Played on: Feb. 8, 2021, 7:18 a.m.
  • Length: 10:49
Show
View Real Time Build Order
Export as new Build Order

EnigmA Protoss 

Build Orders: 1 Gate Expand 

Get SALT Encoding   

  12  0:00  Probe  
  13  0:12  Probe  
  14  0:18  Pylon  
  14  0:24  Probe (Chrono Boost)  
  15  0:36  Probe (Chrono Boost)  
  15  0:37  Gateway  
  16  0:45  Probe (Chrono Boost)  
  16  0:46  Assimilator  
  17  0:51  Probe  
  18  1:03  Probe  
  19  1:15  Probe  
  20  1:22  Nexus  
  20  1:33  Cybernetics Core  
  20  1:36  Probe  
  21  1:41  Assimilator  
  21  1:48  Probe  
  22  1:55  Pylon  
  22  2:00  Probe  
  23  2:09  Warp Gate  
  23  2:11  Adept (Chrono Boost)  
  23  2:13  Probe (Chrono Boost)  
  26  2:22  Twilight Council  
  27  2:24  Probe (Chrono Boost)  
  27  2:30  Probe (Chrono Boost)  
  27  2:34  Probe (Chrono Boost), Adept  
  33  2:45  Probe x2 (Chrono Boost)  
  33  2:49  Probe (Chrono Boost)  
  33  2:52  Probe  
  33  2:55  Resonating Glaives (Chrono Boost)  
  35  3:01  Gateway  
  35  3:03  Probe  
  35  3:04  Probe  
  37  3:10  Gateway  
  37  3:15  Probe  
  37  3:16  Probe  
  39  3:24  Pylon  
  39  3:27  Probe  
  39  3:28  Adept  
  39  3:29  Probe  
  43  3:37  Pylon  
  43  3:39  Probe  
  44  3:47  Probe  
  45  3:55  Probe  
  46  3:56  Gateway  
  46  4:00  Probe  
  46  4:07  Probe  
  46  4:08  Adept  
  47  4:10  Adept x2  
  47  4:12  Probe  
  52  4:18  Pylon  
  52  4:19  Probe  
  52  4:22  Blink (Chrono Boost)  
  53  4:24  Probe  
  53  4:30  Robotics Facility  
  54  4:32  Adept x3  
  54  4:37  Pylon  
  60  4:49  Nexus  
  60  4:51  Probe  
  60  4:52  Probe  
  58  5:04  Probe x2  
  48  5:10  Sentry x2, Adept x2  
  54  5:14  Assimilator  
  54  5:16  Probe x2  
  54  5:17  Immortal (Chrono Boost)  
  60  5:28  Probe x2  
  62  5:32  Pylon  
  62  5:33  Stalker x2  
  66  5:36  Stalker  
  66  5:41  Stalker  
  66  5:42  Probe  
  71  5:45  Probe  
  71  5:49  Pylon  
  72  5:52  Observer  
  72  5:54  Probe (Chrono Boost)  
  74  5:57  Probe (Chrono Boost)  
  74  5:59  Gateway  
  74  6:02  Gateway  
  74  6:03  Probe (Chrono Boost)  
  75  6:04  Charge (Chrono Boost)  
  75  6:06  Probe (Chrono Boost)  
  76  6:13  Observer, Probe x2 (Chrono Boost)  
  76  6:14  Probe (Chrono Boost)  
  80  6:18  Pylon  
  80  6:24  Zealot, Stalker x2  
  80  6:25  Zealot  
  88  6:29  Forge  
  88  6:35  Observer  
  89  6:40  Observer  
  89  6:41  Observer, Probe x2  
  92  6:47  Probe  
  92  6:51  Zealot x3  
  92  6:52  Nexus  
  98  6:55  Protoss Ground Weapons Level 1 (Chrono Boost)  
  98  6:56  Warp Prism  
  98  6:58  Pylon  
  100  7:09  Gateway  
  100  7:10  Gateway  
  100  7:21  Templar Archives  
  100  7:23  Probe x2  
  100  7:24  Pylon  
  100  7:26  Pylon  
  100  7:29  Zealot x5  
  112  7:31  Pylon  
  111  7:38  Gateway  
  111  7:46  Immortal  
  111  7:51  Probe x2  
  117  7:53  Stalker x4  
  117  7:54  Pylon  
  125  8:03  Pylon, Probe  
  125  8:04  Pylon, Probe  
  125  8:05  Pylon  
  127  8:09  Zealot x2  
  127  8:10  Zealot  
  133  8:21  Zealot x4  
  141  8:34  High Templar x2  
  141  8:35  Zealot x3  
  129  8:43  Archon  
  121  8:50  Zealot x4  
  127  9:00  Immortal (Chrono Boost)  
  103  9:15  Zealot x8  
  86  9:32  Probe x3  
  86  9:36  Zealot, Observer (Chrono Boost), High Templar x2  
  86  9:37  Zealot x5  
  106  9:41  Archon  
  106  9:44  Probe x2  
  108  9:47  Nexus  
  108  9:48  Pylon  
  108  9:53  Gateway x2  
  108  10:04  Zealot x5  
  117  10:09  Warp Prism (Chrono Boost), High Templar  
  117  10:10  Zealot, High Templar  
  125  10:15  Archon  
  111  10:29  Zealot x3  
  111  10:30  Zealot x2  
Show
View Real Time Build Order
Export as new Build Order

uwuThermal Terran - Winner!

Build Orders:  

Get SALT Encoding   

  12  0:00  SCV  
  13  0:12  SCV  
  14  0:17  Supply Depot  
  14  0:25  SCV  
  15  0:39  SCV, Barracks  
  16  0:43  Refinery  
  16  0:51  SCV  
  17  1:03  SCV  
  18  1:15  SCV  
  19  1:26  Marine  
  19  1:27  Orbital Command  
  20  1:41  Command Center  
  20  1:45  Barracks Reactor  
  20  1:54  SCV  
  21  2:01  Supply Depot  
  21  2:06  SCV  
  22  2:18  SCV  
  23  2:23  Marine x2  
  25  2:30  SCV  
  25  2:32  Command Center  
  26  2:41  Reaper x2  
  26  2:42  SCV  
  29  2:47  Barracks  
  29  2:53  Orbital Command  
  29  2:55  SCV  
  30  3:07  SCV  
  31  3:13  Marine x2  
  31  3:16  Engineering Bay  
  31  3:19  SCV  
  34  3:20  SCV  
  34  3:24  Refinery  
  35  3:31  SCV, Marine x2  
  35  3:32  SCV  
  39  3:37  Barracks Tech Lab  
  39  3:43  Missile Turret  
  39  3:44  SCV x2, Terran Infantry Weapons Level 1  
  42  3:52  Bunker  
  42  3:53  Marine x2  
  44  3:55  Orbital Command  
  44  3:56  SCV  
  44  3:59  Marauder  
  44  4:00  Stimpack  
  46  4:08  SCV  
  45  4:11  SCV  
  45  4:12  Marine x2  
  48  4:19  Supply Depot  
  48  4:20  SCV  
  48  4:21  Marauder  
  48  4:23  SCV  
  48  4:24  SCV  
  53  4:30  Marine x2  
  55  4:32  SCV  
  55  4:33  Supply Depot  
  55  4:36  SCV x2  
  55  4:37  Factory  
  58  4:42  Marauder  
  58  4:45  SCV, Barracks  
  61  4:47  Marine  
  61  4:48  SCV, Marine  
  61  4:49  SCV  
  65  4:53  Refinery  
  65  4:57  SCV  
  62  5:02  SCV  
  62  5:03  SCV, Marine  
  58  5:10  SCV  
  58  5:14  SCV, Marine x2  
  58  5:15  SCV  
  64  5:21  Marauder, Supply Depot  
  64  5:22  SCV  
  64  5:23  Starport, Factory Reactor  
  64  5:24  Orbital Command  
  64  5:26  SCV  
  67  5:29  Refinery  
  67  5:32  Marine x2  
  67  5:34  SCV, Barracks Tech Lab  
  69  5:37  Supply Depot  
  69  5:38  Terran Infantry Armor Level 1  
  69  5:39  SCV  
  69  5:42  Marauder, Combat Shield  
  72  5:46  SCV  
  72  5:48  Supply Depot  
  73  5:51  SCV  
  73  5:53  SCV  
  73  5:55  Marauder, Marine  
  73  5:56  Concussive Shells  
  78  5:58  SCV  
  78  6:03  SCV  
  80  6:06  Marauder, Marine  
  80  6:09  SCV, Factory Reactor  
  84  6:11  Barracks  
  84  6:12  SCV, Barracks  
  84  6:15  SCV, Medivac  
  88  6:19  Medivac  
  88  6:20  Marine  
  88  6:21  SCV, Missile Turret  
  88  6:23  Marine  
  88  6:24  Marine  
  94  6:27  Supply Depot  
  94  6:30  SCV x2  
  94  6:32  Supply Depot  
  96  6:34  Marauder  
  96  6:36  SCV  
  96  6:38  Marine, Supply Depot  
  100  6:44  SCV  
  101  6:49  SCV, Medivac, Widow Mine x2, Supply Depot  
  101  6:54  SCV, Medivac  
  111  6:55  Supply Depot  
  111  6:56  Marine x2  
  111  6:59  Marauder  
  111  7:01  SCV, Barracks Reactor, Barracks Tech Lab  
  115  7:07  Armory  
  116  7:09  Engineering Bay  
  116  7:11  SCV x2  
  116  7:12  Missile Turret  
  116  7:14  Marine  
  116  7:15  Marauder, Marine  
  121  7:17  Supply Depot  
  121  7:18  Widow Mine x2  
  121  7:22  Marine  
  117  7:23  Refinery x2  
  117  7:24  Marine  
  117  7:28  SCV  
  117  7:29  Missile Turret, Medivac  
  121  7:32  Marine, Medivac  
  121  7:35  Supply Depot  
  125  7:37  SCV x2  
  125  7:38  Marauder  
  125  7:40  Marauder, Marine  
  125  7:42  Widow Mine  
  125  7:43  SCV  
  134  7:44  Widow Mine  
  134  7:45  Marine  
  134  7:47  Marine  
  134  7:50  Marauder, Marine  
  141  7:54  SCV  
  141  7:55  Terran Infantry Weapons Level 2  
  142  8:00  Marine x2  
  142  8:02  Marauder  
  142  8:05  Supply Depot  
  146  8:06  Supply Depot  
  146  8:07  Terran Infantry Armor Level 2  
  146  8:10  Marine  
  146  8:12  Marauder  
  149  8:14  Widow Mine x2  
  149  8:15  Marine x2  
  149  8:18  Medivac  
  157  8:23  Supply Depot  
  157  8:24  Supply Depot  
  157  8:26  Marine x3  
  157  8:27  Medivac  
  162  8:32  Marine, Supply Depot  
  162  8:33  Marauder, Marine  
  166  8:38  Widow Mine  
  160  8:43  Marine  
  160  8:45  Marauder  
  160  8:47  Supply Depot  
  163  8:49  Medivac  
  165  8:56  Marine  
  165  8:57  Marauder  
  165  9:00  Command Center  
  166  9:03  Marauder, Marine  
  166  9:06  Marine  
  166  9:07  Marauder  
  166  9:09  Medivac  
  157  9:13  Marine  
  157  9:14  Marine  
  150  9:18  Marauder  
  150  9:20  Marine, Medivac  
  147  9:25  Marauder  
  147  9:29  Marauder, Marine  
  151  9:34  Widow Mine x2  
  151  9:35  Marine  
  156  9:40  Marauder  
  156  9:41  Marine x2  
  160  9:46  Marauder  
  160  9:47  Marine  
  160  9:48  Missile Turret  
  160  9:49  Missile Turret, Marine  
  164  9:52  Marine  
  164  9:59  Marine  
  166  10:00  Marine  
  166  10:01  Marauder  
  166  10:03  Widow Mine x2  
  166  10:04  Marine  
  166  10:05  Liberator  
  172  10:07  Marauder  
  172  10:08  Marauder  
  172  10:10  Marine  
  175  10:17  Marine  
  175  10:18  SCV x2  
  178  10:22  Marauder  
  178  10:24  Widow Mine  
Tags
 
Add a new tag
Caveats
  • Supply blocks, unpowered buildings, or Contaminate may cause inaccurate times.
  • Supply counts are checked every 10 seconds.